 Dungeon Crawl Stone Soup version 0.29-a0-542-g075992c915 (console) character file.

Game seed: 16717745921234927771

1645 om the Magician (level 9, -14/58 HPs)
             Began as a Djinni Fire Elementalist on June 3, 2022.
             Was an Initiate of Makhleb.
             Demolished by an ogre
             ... wielding a +0 giant spiked club
              (20 damage)
             ... on level 7 of the Dungeon.
             The game lasted 00:20:12 (7564 turns).

om the Magician (Djinni Fire Elementalist)          Turns: 7564, Time: 00:20:12

Health: -14/58     AC:  3    Str:  9    XL:     9   Next: 19%
Gold:   34         EV: 13    Int: 18    God:    Makhleb [......] SH:  0 Dex: 15

rFire   + + .      SeeInvis .   e - +0 dagger
rCold   x . .      Faith    .   (no shield)
rNeg    . . .      Spirit   .   n - +0 robe of Depression {rElec}
rPois   ∞          Reflect  .   l - +0 helmet
rElec   +          Harm     .   (no cloak)
rCorr   .          Rampage  .   (no gloves)
Will    .....                   (boots unavailable)
Stlth   ++........              p - amulet of the acrobat
HPRegen 0.19/turn               (no ring)
MPRegen 0.00/turn               (no ring)

@: flying, very slightly contaminated
A: sickness immunity, fire resistance 2, cold vulnerability 1, float, innate
caster, HP casting, extra vitality 1
a: Renounce Religion


You were on level 7 of the Dungeon.
You worshipped Makhleb.
Makhleb was noncommittal.
You visited 2 branches of the dungeon, and saw 8 of its levels.

You collected 411 gold pieces.
You spent 377 gold pieces at shops.

Inventory:

Hand Weapons
 e - a +0 dagger (weapon)
Armour
 l - a +0 helmet (worn)
 n - the +0 robe of Depression (worn) {rElec}
   (You bought it in a shop on level 4 of the Dungeon)

   rElec:     It insulates you from electricity.
 w - the +4 scale mail "Uvvomn" {rF+}
   (You bought it in a shop on level 4 of the Dungeon)

   rF:        It protects you from fire.
Jewellery
 p - an amulet of the acrobat (around neck)
 t - a ring of ice
Scrolls
 k - a scroll of fear {unknown}
 o - a scroll of enchant weapon {unknown}
 q - a scroll of blinking
 r - 3 scrolls of noise
 s - a scroll of torment {unknown}
 v - a scroll of enchant armour {unknown}
Potions
 a - a potion of ambrosia {unknown}
 d - a potion of brilliance
 g - 4 potions of flight
 h - 3 potions of attraction
 i - 3 potions of mutation {unknown}
 j - a potion of curing {unknown}
 m - 2 potions of berserk rage
 u - a potion of degeneration {unknown}


   Skills:
 - Level 2.1 Fighting
 * Level 2.9 Armour
 + Level 3.9 Dodging
 + Level 3.3 Stealth
 * Level 7.5 Spellcasting


You had one spell level left.
You knew the following spells:

 Your Spells              Type           Power      Damage    Failure   Level
a - Foxfire               Conj/Fire      100%       2x1d9     1%          1
b - Scorch                Fire           66%        2d8       1%          2
c - Conjure Flame         Conj/Fire      33%        6-21      1%          3
d - Inner Flame           Hex/Fire       33%        N/A       1%          3
e - Flame Wave            Conj/Fire      33%        2d8       4%          4
f - Shock                 Conj/Air       100%       1d9       1%          1
g - Passwall              Tmut/Erth      27%        N/A       1%          2
h - Summon Guardian Gole  Hex/Summ       33%        N/A       1%          3
i - Swiftness             Air            33%        N/A       1%          3
Your spell library was empty.

Dungeon Overview and Level Annotations

Branches:
Dungeon (7/15)             Temple (1/1) D:7

Altars:
Ashenzari
Cheibriados
Dithmenos
Elyvilon
Fedhas
Gozag
Hepliaklqana
Kikubaaqudgha
Makhleb
Nemelex Xobeh
Okawaru
Qazlal
Ru
Sif Muna
Trog
Uskayaw
Vehumet
Wu Jian
Xom
Yredelemnul
Zin
The Shining One

Shops:
D:4 [[


Innate Abilities, Weirdness & Mutations

You are immune to sickness and miasma.
You are immune to poison.
Your flesh is very heat resistant. (rF++)
You are vulnerable to cold. (rC-)
You float through the air rather than walking.
You learn spells naturally, not from books.
Your magical power is your life essence.
You have superior vitality. (+4 MHP)


Message History

You start resting.
An ogre is nearby!
Found a stone staircase leading down.
An orc wizard, an orc priest and an orc come into view.
Found a stone staircase leading up.
The orc wizard shouts!
The orc priest shouts!
The orc shouts!
The orc priest calls down the wrath of Beogh upon you.
Beogh smites you!
* * * LOW HITPOINT WARNING * * *
An orc comes into view. It is wielding a +0 falchion.
The orc shouts!
Okay, then.
As you read the scroll of teleportation, it crumbles to dust.
You feel strangely unstable.
Your surroundings suddenly seem different.
You hear the steady creaking of a very distant portcullis.
The ogre shouts!
Casting: Foxfire (safe; 1% risk of failure)
Press: ? - help, Q - select action, (/) - cycle Dir - look around, f - activate You miscast Foxfire.
You are very lightly contaminated with residual magic.
Nothing appears to happen.
* * * LOW HITPOINT WARNING * * *
A wight comes into view. It is wielding a +3 spear.
Casting: Foxfire (safe; 1% risk of failure)
Press: ? - help, Q - select action, (/) - cycle Dir - look around, f - activate You conjure some foxfire!
* * * LOW HITPOINT WARNING * * *
The foxfire hits the ogre!
The ogre is moderately wounded.
The foxfire hits the ogre.
The ogre is moderately wounded.
Unknown command.
Casting: Foxfire (safe; 1% risk of failure)
Press: ? - help, Q - select action, (/) - cycle Dir - look around, f - activate You conjure some foxfire!
* * * LOW HITPOINT WARNING * * *
The ogre attacks as you move away!
The ogre hits you with a +0 giant spiked club!!
You die...

,,,,,,...........................
*,***,........########.....#.....
*,,,,,#####.#........#.O.........
*******####.#.######.#...........
,,,,,,...................[..#####
******#####........[.###....# #
#....(..............# *
###.#..Ov##.........# *
*****###.......@...........# *
*,,,,........#.v...#.......# *
*,***#.......#.#####.##.##.# *
*,,,,..............).......#****
******z##z##.#....).........,,,,
*,,,,,,,#.*#.################***
*,****,,#,*#.# *,* *,,*,*#.# *,*
*,,*,*#.#


You could see an ogre (ally target).

Vanquished Creatures
  A troll (D:7)
  Sigmund (D:3)
  Duvessa (D:6)
  2 ice beasts
  An ogre (D:5)
  A centaur (D:7)
  A necrophage (D:4)
  3 scorpions (D:5)
  A wight (D:7)
  Dowan (D:6)
  An orc priest (D:6)
  A jelly (D:4)
  2 iguanas
  3 orc wizards (D:6)
  8 gnolls
  8 adders
  A shadow imp (D:7)
  2 ufetubi (D:6)
  3 worms
  3 dart slugs
  19 orcs
  8 bats
  15 endoplasms
  2 giant cockroaches
  6 hobgoblins
  3 jackals (D:2)
  5 kobolds
  4 quokkas
  6 ball pythons
  9 frilled lizards
  3 goblins
  8 rats
  A spectral kobold (D:2)
134 creatures vanquished.

Vanquished Creatures (others)
  493 foxfires
  5 plants (D:6)
498 creatures vanquished.

Grand Total: 632 creatures vanquished

Notes
Turn   | Place    | Note
-------+----------+-------------------------------------------
     0 | D:1      | om the Djinni Fire Elementalist began the quest for the
                  | Orb.
     0 | D:1      | Reached XP level 1. HP: 15/15 MP: 0/0
   146 | D:1      | Reached XP level 2. HP: 20/21 MP: 0/0
   341 | D:1      | Reached skill level 3 in Spellcasting
   604 | D:1      | Reached XP level 3. HP: 23/25 MP: 0/0
   604 | D:1      | Learned a level 1 spell: Shock
  1221 | D:2      | Reached XP level 4. HP: 28/31 MP: 0/0
  1593 | D:2      | Found a faded altar of an unknown god.
  2318 | D:3      | Reached skill level 4 in Spellcasting
  2318 | D:3      | Reached XP level 5. HP: 33/35 MP: 0/0
  2318 | D:3      | Learned a level 2 spell: Passwall
  2503 | D:3      | Noticed Sigmund
  2870 | D:3      | Killed Sigmund
  2871 | D:3      | Reached skill level 5 in Spellcasting
  2871 | D:3      | Reached XP level 6. HP: 32/40 MP: 0/0
  3326 | D:3      | Found a stormy altar of Qazlal.
  3333 | D:3      | Found a shadowy altar of Dithmenos.
  3396 | D:3      | Reached XP level 7. HP: 39/45 MP: 0/0
  3396 | D:3      | Learned a level 3 spell: Summon Guardian Golem
  3793 | D:4      | Found Vueqery's Antique Armour Shoppe.
  4250 | D:4      | Found Rerphosch's Antique Armour Boutique.
  4258 | D:4      | Bought a wizard robe for 188 gold pieces
  4258 | D:4      | Identified the +0 robe of Depression {rElec} (You bought it
                  | in a shop on level 4 of the Dungeon)
  4649 | D:5      | Entered Level 5 of the Dungeon
  4706 | D:5      | Reached skill level 1 in Fighting
  4787 | D:5      | Reached skill level 6 in Spellcasting
  4954 | D:5      | Reached XP level 8. HP: 46/52 MP: 0/0
  6296 | D:6      | Reached skill level 7 in Spellcasting
  6653 | D:4      | Bought a transparent scale mail for 189 gold pieces
  6653 | D:4      | Identified the +4 scale mail "Uvvomn" {rF+} (You bought it
                  | in a shop on level 4 of the Dungeon)
  6913 | D:6      | Noticed Dowan
  6916 | D:6      | Noticed Duvessa
  6927 | D:6      | Killed Duvessa
  6928 | D:6      | Reached skill level 1 in Armour
  6939 | D:6      | Killed Dowan
  7239 | D:7      | Found a staircase to the Ecumenical Temple.
  7248 | Temple   | Entered the Ecumenical Temple
  7391 | Temple   | Became a worshipper of Makhleb the Destroyer
  7471 | D:7      | Noticed a troll
  7490 | D:7      | Killed a troll
  7491 | D:7      | Reached XP level 9. HP: 17/58 MP: 0/0
  7491 | D:7      | Learned a level 3 spell: Swiftness
  7564 | D:7      | Demolished by an ogre

Illustrated notes

Levels and vault maps discovered:
D:1:      minmay_arrival_four_circles, layout_loops_ring, chequers_garden
D:2:      layout_loops_ring, dreamdust_ecumenical_altar_drowned_temple
D:3:      minmay_chambers_of_twos, layout_loops_ring,
          amethyst_overflow_temple_binary, kennysheep_pointless_box,
          uniq_sigmund
D:4:      layout_loops_cross, serial_shops, shop, nicolae_shop_waterfront,
          grunt_ministairs_2
D:5:      layout_basic
D:6:      layout_rooms, minmay_lizard_king, uniq_duvessa
D:7:      layout_basic, minmay_temple_entry_poolview, enter_bailey_8
Temple:   regret_index_temple_chain_breaker

Skill      XL: |  1  2  3  4  5  6  7  8 |
---------------+-------------------------+-----
Spellcasting   | 3 4 5 6 7 |  7.5
Stealth        | 2 3 |  3.3
Fighting       | 1 2 |  2.1
Dodging        | 3 |  3.9
Armour         | 2 |  2.9

Action                   |  1- 3 |  4- 6 |  7- 9 || total
-------------------------+-------+-------+-------++-------
Melee: Dagger            |       |     7 |     5 ||    12
 Cast: Foxfire           |    42 |    83 |   181 ||   306
       Summon Guardian G |       |       |     1 ||     1
       Flame Wave        |       |       |     9 ||     9
       Scorch            |       |       |     2 ||     2
       Conjure Flame     |       |       |     1 ||     1
  Use: Scroll            |       |     5 |     5 ||    10
       Potion            |       |       |     5 ||     5
Armor: Robe              |     1 |       |     3 ||     4
Dodge: Dodged            |     5 |     9 |    54 ||    68

Table legend: (Time is in decaauts)
 A = Elapsed time spent in this place.
 B = Non-inter-level travel time spent in this place.
 C = Inter-level travel time spent in this place.
 D = Time resting spent in this place.
 E = Time spent auto-exploring this place.
 F = Levels seen in this place.
 G = Mean time per level.
                   A        B        C        D        E       F      G
               +--------+--------+--------+--------+--------+-----+--------+
         Total |   7564 |   7109 |    455 |   1120 |   4847 |   8 |  945.5 |
       Dungeon |   7410 |   6981 |    429 |   1120 |   4738 |   7 | 1058.6 |
        Temple |    153 |    127 |     26 |      0 |    109 |   1 |  153.0 |
               +--------+--------+--------+--------+--------+-----+--------+

Top non-repeatable levels by time:
     D:3: 1389 daAuts
     D:6: 1304 daAuts
     D:2: 1294 daAuts
     D:5: 1163 daAuts
     D:4: 1046 daAuts
     D:1: 1019 daAuts
     D:7: 192 daAuts
  Temple: 153 daAuts
